 Dungeon Crawl Stone Soup version 0.30-a0-250-g41c1d76940 (webtiles) character file.

Game seed: 14025975831450507334

37 IdlyInterested the Twirler (level 3, 0/27 HPs)
             Began as a Demonspawn Wanderer on Oct 12, 2022.
             Slain by a kobold
             ... wielding a +0 dagger
              (4 damage)
             ... on level 2 of the Dungeon.
             The game lasted 00:04:11 (1615 turns).

IdlyInterested the Twirler (Demonspawn Wanderer)    Turns: 1615, Time: 00:04:12

Health: 0/27       AC:  2    Str: 11    XL:     3   Next: 21%
Magic:  6/6        EV: 11    Int: 13    God:
Gold:   26         SH:  0    Dex: 15    Spells: 5/6 levels left

rFire   . . .      SeeInvis .    a - +2 quarterstaff
rCold   . . .      Faith    .    (shield currently unavailable)
rNeg    . . .      Spirit   .    e - +0 robe
rPois   .          Reflect  .    (no helmet)
rElec   .          Harm     .    (no cloak)
rCorr   .          Rampage  .    (no gloves)
Will    .....                    (no boots)
Stlth   ++........               (no amulet)
HPRegen 0.24/turn                (no ring)
MPRegen 0.10/turn                (no ring)

@: no status effects
A: powered by pain 1
a: no special abilities


You were on level 2 of the Dungeon.
You visited 1 branch of the dungeon, and saw 2 of its levels.

You collected 26 gold pieces.

Inventory:

Hand Weapons
 a - a +2 quarterstaff (weapon)
 c - a +0 dagger
Missiles
 b - 8 boomerangs (quivered)
Armour
 e - a +0 robe (worn)
 n - a +0 chain mail
Scrolls
 d - a scroll of teleportation
 k - 2 scrolls of poison
Potions
 i - a potion of attraction
 m - a potion of flight {unknown}


   Skills:
 * Level 2.1 Fighting
 - Level 2.6 Staves
 - Level 1.7 Throwing
 + Level 1.5 Stealth
 - Level 2.0 Spellcasting
 * Level 2.1 Hexes


You had 5 spell levels left.
You knew the following spells:

 Your Spells              Type           Power      Damage    Failure   Level
a - Slow                  Hex            24%        N/A       11%         1

Your spell library contained the following spells:

 Spells                   Type           Power      Damage    Failure   Level
 Apportation              Tloc           2%         N/A       26%         1
 Kiss of Death            Conj/Necr      4%         2d5       26%         1
 Necrotise                Necr           4%         1d4       26%         1
 Summon Small Mammal      Summ           4%         N/A       26%         1
 Confusing Touch          Hex            6%         N/A       32%         3
 Tukima's Dance           Hex            6%         N/A       32%         3
 Dispel Undead            Necr           1%         3d6       94%         4


Dungeon Overview and Level Annotations

Branches:
Dungeon (2/15)

Altars:

Shops:
D:2 *


Innate Abilities, Weirdness & Mutations

You sometimes gain a little power by taking damage.


Message History

The kobold closely misses you.
The kobold hits you with a +0 short sword.
The kobold closely misses you. The kobold hits you with a +0 dagger.
The kobold hits you but does no damage.
You barely miss the kobold. The kobold hits you with a +0 dagger.
The kobold hits you with a +0 short sword.
The kobold hits you but does no damage.
You barely miss the kobold. The kobold closely misses you.
The kobold hits you with a +0 short sword.
The kobold barely misses you.
You hit the kobold.
The kobold is heavily wounded.
The kobold hits you but does no damage.
The kobold hits you with a +0 short sword.
* * * LOW HITPOINT WARNING * * *
The kobold barely misses you.
You hit the kobold.
The kobold is severely wounded.
The kobold misses you.
The kobold hits you with a +0 short sword.
* * * LOW HITPOINT WARNING * * *
The kobold hits you but does no damage.
Unknown command.
You feel better. The kobold hits you with a +0 dagger.
The kobold closely misses you.
The kobold hits you with a +0 short sword.
You completely miss the kobold.
The kobold is severely wounded.
The kobold misses you. The kobold closely misses you.
The kobold hits you with a +0 short sword.
* * * LOW HITPOINT WARNING * * *
The kobold hits you with a +0 short sword.
* * * LOW HITPOINT WARNING * * *
The kobold hits you with a +0 dagger.
* * * LOW HITPOINT WARNING * * *
The kobold hits you but does no damage.
You closely miss the kobold.
The kobold is severely wounded.
The kobold hits you with a +0 dagger.
You die...

*,,,***,,,,....
**,*,******####
**************
*#####*,**,,,,,
###*#.[:.#,*,*,,,,,
#.##.....#,*,*,,,,,
##.'......#+*,*,,,,,
#####..KK.$....,*,*,,,,,
#......@KK.....,*,*,,,,,
#.####.##......,*,*,,,,,
#.# ###**.....,**+,,,,,
#.# **####****,,,,, #.#
****** #.########
######### #........#
#.##..#.# ########.#
#........ #.# ####.....


You could see 4 kobolds.

Vanquished Creatures
  A worm (D:2)
  A dart slug (D:2)
  4 endoplasms
  A giant cockroach (D:2)
  2 goblins (D:1)
  A hobgoblin (D:2)
  4 kobolds
  4 quokkas
  2 ball pythons
  4 frilled lizards
  7 rats
31 creatures vanquished.

Vanquished Creatures (others)
  An adder (D:2)
  15 toadstools
16 creatures vanquished.

Grand Total: 47 creatures vanquished

Notes
Turn   | Place    | Note
-------+----------+-------------------------------------------
     0 | D:1      | IdlyInterested the Demonspawn Wanderer began the quest for
                  | the Orb.
     0 | D:1      | IdlyInterested set off with the following items: a +2
                  | quarterstaff, 8 boomerangs, a +0 dagger, a scroll of
                  | teleportation, a +0 robe; and the following spell
                  | memorised: Slow; and the following spells available to
                  | memorise: Tukima's Dance.
     0 | D:1      | Reached XP level 1. HP: 15/15 MP: 3/3
   450 | D:1      | Gained mutation: You sometimes gain a little power by
                  | taking damage. [demonic ancestry]
   450 | D:1      | Reached XP level 2. HP: 18/21 MP: 5/5
  1236 | D:2      | Reached XP level 3. HP: 27/27 MP: 6/6
  1239 | D:2      | Found Oclo's General Store.
  1615 | D:2      | Slain by a kobold

Illustrated notes

Levels and vault maps discovered:
D:1:      ldierk_walled_garden, layout_loops_ring, hangedman_decor_lopped,
          minmay_surrounded
D:2:      cheibrodos_fertilizer, layout_loops_ring, basic_altar, serial_shops,
          nicolae_shop_hallway_stairs, lemuel_flame_loot_1, uniq_terence

Skill      XL: |  1  2 |
---------------+-------+-----
Hexes          | 2 |  2.1
Fighting       | 2 |  2.1
Staves         | |  2.6
Throwing       | |  1.7
Stealth        | |  1.5
Spellcasting   | |  2.0

Action                   || total
-------------------------++-------
Melee: Quarterstaff      ||    71
 Cast: Slow              ||     1
  Use: Scroll            ||     5
       Potion            ||     1
 Stab: Sleeping          ||     5
Armor: Robe              ||    11
Dodge: Dodged            ||    43

Table legend: (Time is in decaauts)
 A = Elapsed time spent in this place.
 B = Non-inter-level travel time spent in this place.
 C = Inter-level travel time spent in this place.
 D = Time resting spent in this place.
 E = Time spent auto-exploring this place.
 F = Levels seen in this place.
 G = Mean time per level.
                   A        B        C        D        E       F      G
               +--------+--------+--------+--------+--------+-----+--------+
         Total |   1629 |   1437 |    192 |    151 |    966 |   2 |  814.5 |
       Dungeon |   1629 |   1437 |    192 |    151 |    966 |   2 |  814.5 |
               +--------+--------+--------+--------+--------+-----+--------+

Top non-repeatable levels by time:
     D:1: 954 daAuts
     D:2: 674 daAuts
